Map: Rovine di Seras

Players

Cracked - Winner!

  • Race: Protoss Protoss
  • League: Silver

Jhyrachy

  • Race: Zerg Zerg
  • League: Silver

VOD

Have the link to the VOD?

Description

Time

  • Played on: Dec. 3, 2015, 4:03 p.m.
  • Length: 17:16
Show
View Real Time Build Order
Export as new Build Order

Cracked Protoss - Winner!

Build Orders:  

Get SALT Encoding   

  12  0:02  Probe (Chrono Boost)  
  13  0:12  Probe (Chrono Boost)  
  14  0:20  Pylon  
  14  0:24  Probe (Chrono Boost)  
  15  0:38  Probe (Chrono Boost)  
  16  0:43  Gateway  
  16  0:46  Assimilator  
  16  0:55  Probe (Chrono Boost)  
  17  1:05  Probe (Chrono Boost)  
  18  1:16  Probe (Chrono Boost)  
  19  1:21  Pylon  
  19  1:32  Cybernetics Core  
  19  1:33  Zealot  
  21  1:54  Pylon  
  21  1:56  Probe (Chrono Boost)  
  22  2:02  Assimilator  
  22  2:06  Probe (Chrono Boost)  
  22  2:07  Stalker  
  25  2:12  Warp Gate (Chrono Boost)  
  25  2:17  Probe  
  26  2:29  Probe  
  27  2:37  Stalker  
  27  2:41  Probe  
  30  2:54  Probe  
  30  3:06  Probe  
  31  3:18  Probe  
  31  3:19  Gateway  
  32  3:21  Gateway  
  32  3:30  Probe  
  33  3:35  Nexus  
  33  3:39  Assimilator  
  33  3:42  Probe  
  33  3:43  Sentry  
  36  3:54  Probe  
  37  4:02  Pylon  
  37  4:05  Pylon  
  37  4:06  Forge  
  37  4:25  Stalker x3  
  43  4:33  Probe  
  44  4:46  Probe  
  44  4:50  Probe  
  46  4:57  Probe  
  47  5:04  Pylon  
  47  5:07  Pylon  
  47  5:10  Photon Cannon, Stalker  
  47  5:13  Stalker  
  51  5:15  Sentry  
  51  5:17  Probe  
  51  5:20  Probe  
  55  5:30  Photon Cannon  
  55  5:35  Probe  
  55  5:36  Probe  
  57  5:46  Probe  
  57  5:48  Probe  
  59  5:57  Stalker  
  59  5:58  Probe, Stalker  
  59  6:00  Probe  
  65  6:09  Probe  
  66  6:12  Probe  
  60  6:53  Pylon  
  57  6:55  Pylon  
  57  7:10  Pylon  
  57  7:12  Pylon  
  55  7:30  Robotics Facility  
  55  7:31  Stalker x2  
  55  7:32  Probe  
  55  7:34  Probe  
  61  7:43  Probe  
  62  7:55  Photon Cannon  
  62  7:58  Photon Cannon  
  62  8:04  Assimilator, Photon Cannon  
  62  8:07  Probe  
  62  8:08  Probe, Photon Cannon  
  62  8:11  Photon Cannon, Stalker  
  62  8:12  Stalker x2  
  70  8:19  Observer (Chrono Boost)  
  71  8:28  Pylon  
  71  8:31  Pylon  
  71  8:38  Stalker x3  
  77  8:47  Nexus  
  77  8:49  Assimilator  
  77  8:54  Assimilator  
  77  9:05  Stalker x3  
  73  9:27  Immortal (Chrono Boost), Gateway  
  73  9:29  Gateway  
  69  9:41  Stalker  
  69  9:42  Stalker x2  
  75  9:47  Probe  
  75  9:48  Probe  
  77  9:59  Probe  
  76  10:05  Stalker  
  76  10:06  Stalker x2  
  82  10:20  Probe x2  
  84  10:39  Immortal (Chrono Boost)  
  70  11:14  Stalker x2  
  70  11:15  Stalker  
  54  11:33  Twilight Council  
  54  11:34  Probe x2  
  54  11:37  Probe, Pylon  
  54  11:38  Pylon  
  57  11:43  Protoss Ground Weapons Level 1 (Chrono Boost)  
  57  11:46  Probe  
  58  11:54  Probe  
  58  11:55  Probe  
  56  12:14  Probe  
  56  12:15  Probe x2  
  58  12:20  Dark Shrine  
  59  12:24  Stalker x3  
  59  12:27  Probe x2  
  67  12:33  Immortal  
  67  12:36  Sentry x2  
  75  12:45  Probe  
  75  12:46  Probe x2  
  78  12:54  Stalker x2  
  78  12:55  Stalker  
  84  13:07  Immortal  
  84  13:09  Photon Cannon  
  84  13:11  Photon Cannon  
  84  13:12  Photon Cannon  
  88  13:14  Photon Cannon x2  
  88  13:15  Photon Cannon  
  88  13:20  Stalker  
  88  13:21  Stalker  
  88  13:25  Blink  
  92  13:42  Dark Templar x3  
  98  14:29  Adept x4  
  103  14:33  Dark Templar  
  68  14:52  Dark Templar  
  68  14:53  Dark Templar x2  
  68  14:58  Dark Templar  
  65  15:02  Immortal  
  61  15:10  Stalker  
  65  15:31  Stalker  
  65  15:33  Stalker  
  69  15:37  Immortal  
  71  16:00  Zealot  
  71  16:03  Zealot  
  75  16:11  Immortal  
  71  16:22  Zealot  
  69  16:29  Zealot  
  70  16:58  Pylon  
  70  17:00  Pylon  
  70  17:05  Cybernetics Core  
Show
View Real Time Build Order
Export as new Build Order

Jhyrachy Zerg 

Build Orders: Hatch First 

Get SALT Encoding   

  12  0:02  Drone  
  13  0:12  Overlord  
  13  0:24  Drone  
  14  0:33  Drone x2  
  16  0:38  Drone  
  17  0:58  Hatchery  
  17  1:01  Drone  
  17  1:05  Extractor  
  16  1:21  Spawning Pool  
  16  1:23  Drone  
  16  1:44  Drone  
  16  1:45  Overlord  
  17  1:53  Drone  
  18  1:56  Drone  
  19  2:14  Queen  
  21  2:17  Queen  
  21  2:22  Overlord  
  23  2:31  Zergling x4  
  23  2:36  Metabolic Boost  
  25  2:40  Drone x3  
  25  2:42  Drone  
  29  3:08  Extractor  
  29  3:11  Roach Warren  
  27  3:13  Overlord  
  27  3:14  Drone x2  
  29  3:20  Overlord x2  
  29  3:28  Extractor  
  28  3:34  Evolution Chamber  
  27  3:54  Drone x2  
  29  4:16  Drone x3  
  30  4:33  Overlord  
  30  4:34  Roach x4  
  30  4:35  Roach x5  
  48  5:30  Roach x4  
  48  5:31  Roach x5  
  48  5:32  Roach x3  
  72  6:01  Roach x2  
  72  6:02  Overlord  
  72  6:03  Overlord  
  62  7:11  Roach x12  
  62  7:12  Roach x3  
  84  7:52  Hatchery  
  37  9:39  Lair  
  33  10:01  Zergling x20  
  33  10:02  Zergling x12  
  33  10:03  Queen  
  47  10:07  Zergling x2  
  47  10:08  Zergling x4  
  47  10:14  Zergling x16  
  58  10:34  Zerg Melee Weapons Level 1  
  58  10:41  Hydralisk Den  
  58  10:42  Pneumatized Carapace  
  57  10:49  Zergling x2  
  48  10:50  Zergling x24  
  36  11:21  Roach  
  36  11:22  Roach x7  
  47  11:43  Queen  
  48  11:59  Hydralisk  
  48  12:00  Hydralisk x12  
  73  12:18  Muscular Augments  
  73  12:49  Hydralisk x12  
  97  12:51  Overlord  
  85  14:20  Extractor x2  
  69  14:38  Overseer  
  43  14:49  Hatchery  
  21  15:41  Roach x2  
  21  15:42  Roach x4  
  29  15:47  Overseer  
  27  16:07  Queen  
  27  16:08  Drone  
  16  16:55  Drone  
Tags
 
Add a new tag
Caveats
  • Supply blocks, unpowered buildings, or Contaminate may cause inaccurate times.
  • Supply counts are checked every 10 seconds.